 Dungeon Crawl Stone Soup version 0.18-a0-1799-g6250cb2 (webtiles) character file.

7353 dobroeutro the Fighter (level 11, -3/72 HPs)
             Began as a Gargoyle Fighter on Apr 23, 2016.
             Was an Elder of the Shining One.
             Killed by divine providence
             ... invoked by an orc priest
              (15 damage)
             ... on level 10 of the Dungeon.
             The game lasted 00:17:16 (6621 turns).

dobroeutro the Fighter (Gargoyle Fighter)           Turns: 6621, Time: 00:17:17

Health: -3/72      AC: 21    Str: 22      XL:     11   Next: 13%
Magic:  9/9        EV:  9    Int: 10      God:    the Shining One [****..]
Gold:   510        SH: 13    Dex: 12 (14) Spells: 0 memorised, 10 levels left

rFire  + . .     SeeInvis .     N - +4 morningstar (freeze)
rCold  . . .     Gourm    .     b - +0 scale mail
rNeg   + + +     Faith    .     c - +1 shield
rPois  ∞         Spirit   .     e - +1 helmet
rElec  +         Dismiss  .     (no cloak)
rCorr  .         Reflect  .     E - +0 pair of gloves
SustAt .         Harm     .     y - +0 pair of boots
MR     .....     Clarity  +     M - amulet of regeneration
Stlth  ..........               n - +3 ring of dexterity
                                l - ring of protection from fire

@: glowing, not resistant to hostile enchantments, extremely unstealthy
A: talons 1, agile 1, clarity, deterioration 1, low mp 1, negative energy
resistance 1, sense surroundings 1, screaming 1, electricity resistance,
unbreathing, petrification resistance, rot immunity, sturdy frame 1, AC +7
a: Divine Shield, Cleansing Flame, Renounce Religion


You were on level 10 of the Dungeon.
You worshipped the Shining One.
The Shining One was greatly pleased with you.
You were hungry.

You visited 1 branch of the dungeon, and saw 10 of its levels.

You collected 510 gold pieces.

Inventory:

Hand Weapons
 N - a +4 morningstar of freezing (weapon)
Armour
 b - a +0 scale mail (worn)
 c - a +1 shield (worn)
 e - a +1 helmet (worn)
 y - a +0 pair of boots (worn)
 E - a +0 pair of gloves (worn)
Jewellery
 l - a ring of protection from fire (left hand)
 n - a +3 ring of dexterity (right hand)
 D - an uncursed ring of positive energy
 I - an uncursed ring of protection from cold
 M - an amulet of regeneration (around neck)
 O - an uncursed ring of fire
Wands
 k - a wand of confusion (26/48)
Scrolls
 g - 2 scrolls of identify
 i - a scroll of teleportation
 j - 4 scrolls of random uselessness
 m - a scroll of enchant armour
 o - a scroll of blinking
 q - 4 scrolls of recharging
 u - 5 scrolls of remove curse
 G - a scroll of immolation
Potions
 a - a potion of beneficial mutation
 d - a potion of might
 p - 2 potions of magic
 s - a potion of brilliance
 t - 2 potions of invisibility {unknown}
 v - 4 potions of curing
 w - a potion of agility
 z - 3 potions of lignification
 C - a potion of ambrosia
 H - a potion of flight
 J - a potion of degeneration
 K - 2 potions of haste
 P - a potion of cancellation
Comestibles
 f - 10 bread rations
 h - 4 beef jerkies
 r - a slice of pizza
 x - 3 meat rations
 A - 6 chunks of flesh
 L - 26 fruits
 R - a royal jelly


   Skills:
 + Level 10.0 Fighting
 + Level 8.8 Maces & Flails
 + Level 9.5 Armour
 + Level 9.9 Shields


You had 10 spell levels left.
You didn't know any spells.

Dungeon Overview and Level Annotations

Branches:
Dungeon (10/15)            Temple (0/1) D:7
   Lair: D:8-11         Orc: D:9-12

Altars:
Ashenzari
Cheibriados
Fedhas
Gozag
Makhleb
Nemelex Xobeh
Okawaru
Sif Muna
The Shining One


Innate Abilities, Weirdness & Mutations

You are resistant to torment.
Your stone body is resilient (AC +7).
You are immune to poison.
You resist negative energy.
You are resistant to electric shocks.
You can survive without breathing.
You are immune to petrification.
You are immune to rotting.
You have sharp toenails.
You are agile. (Dex +2)
You possess an exceptional clarity of mind.
Your body sometimes deteriorates upon taking damage.
Your magical capacity is low (-10% MP).
You passively map a small area around you.
You occasionally shout uncontrollably at your foes.
Your movements are slightly less encumbered by armour (ER -2).


Message History

An orc priest comes into view. It is wielding a dagger.
The orc priest shouts!
You hit the rat. You freeze the rat.
You kill the rat!
You block the orc's attack. x2; The orc hits you but does no damage.
You puncture the orc! You freeze the orc.
You kill the orc!
You block the orc's attack. The orc barely misses you.
You puncture the orc! You freeze the orc.
You kill the orc!
The orc priest invokes the aid of Beogh against something.
Beogh smites you!
* * * LOW HITPOINT WARNING * * *
The orc barely misses you. You block the orc's attack.
You are too injured to fight recklessly!
You are too injured to fight recklessly!
Unknown command.
The orc priest mumbles some strange prayers to Beogh against something.
Beogh smites you!
You die...

, .# #######.#### ** .#
............ , '
o##.############ , ..#.#
##### 8, ,,, ,8...
#####.... < , * o.#
#..##..!. * ##)#
#...†..## #oo# #...'..##
P# ##@## #.###..#. ...
#).# #.# #...# .P..###†##
#.# #..#. , P........#
#.# #..## P..PP....#
##'###..## , P......†.###
#...##...# ,
P..P...†.'.### #.<.##..#.
P[P......#...###...##...#
.........###..##...##..##


You could see an orc priest and 3 orcs.

Vanquished Creatures
  Erolcha (D:8)
  Erica (D:8)
  Pikel (D:9)
  A troll (D:8)
  Prince Ribbit (D:6)
  Grinder (D:3)
  A vampire (D:10)
  Eustachio (D:5)
  A hungry ghost (D:8)
  A wyvern (D:9)
  Menkaure (D:6)
  Duvessa (D:5)
  Edmund (D:5)
  2 orc warriors (D:10)
  A slave (D:9)
  3 ice beasts
  5 sky beasts
  2 ogres
  2 phantoms
  3 centaurs
  A crocodile (D:9)
  Blork the orc (D:6)
  5 giant frogs
  A wyvern zombie (D:10)
  Dowan (D:5)
  A water moccasin skeleton (D:9)
  A wyvern skeleton (D:8)
  5 killer bees (D:7)
  3 scorpions
  9 wights
  A howler monkey (D:10)
  2 crimson imps
  A giant frog zombie (D:7)
  5 hounds
  5 orc priests
  2 iguanas
  8 orc wizards
  5 worker ants
  2 hound zombies (D:5)
  2 hound skeletons
  2 worker ant zombies
  4 gnolls
  6 adders
  A river rat (D:10)
  2 oozes
  An adder zombie (D:7)
  2 adder skeletons
  6 worms
  3 dart slugs
  3 giant geckos
  29 orcs
  2 ball pythons
  6 giant cockroaches
  4 goblins
  7 hobgoblins
  20 jackals
  3 quokkas
  8 bats
  9 giant newts
  4 kobolds
  18 rats
232 creatures vanquished.

Vanquished Creatures (others)
  A quokka (D:9)
  3 fungi (D:10)
4 creatures vanquished.

Grand Total: 236 creatures vanquished

Notes
Turn   | Place    | Note
--------------------------------------------------------------
     0 | D:1      | dobroeutro the Gargoyle Fighter began the quest for the Orb.
     0 | D:1      | Reached XP level 1. HP: 14/14 MP: 1/1
     6 | D:1      | Noticed a crocodile
     6 | D:1      | Noticed a wolf
     6 | D:1      | Noticed a redback
     6 | D:1      | Noticed a wyvern
   207 | D:1      | Reached XP level 2. HP: 15/19 MP: 2/2
   606 | D:1      | Found a glowing golden altar of the Shining One.
   613 | D:1      | Became a worshipper of the Shining One
   751 | D:1      | Reached XP level 3. HP: 19/23 MP: 3/3
   958 | D:1      | Reached XP level 4. HP: 22/29 MP: 4/4
  1461 | D:3      | Reached skill level 4 in Fighting
  1575 | D:3      | Reached XP level 5. HP: 33/33 MP: 5/5
  1664 | D:3      | Noticed Grinder
  1682 | D:3      | Paralysed by Grinder for 7 turns
  1694 | D:3      | Paralysed by Grinder for 3 turns
  1707 | D:3      | Killed Grinder
  1707 | D:3      | Reached XP level 6. HP: 34/40 MP: 6/6
  1842 | D:3      | Reached skill level 5 in Shields
  2015 | D:4      | Found a glowing golden altar of the Shining One.
  2019 | D:4      | Reached * piety under the Shining One
  2042 | D:4      | Reached skill level 5 in Fighting
  2045 | D:4      | Reached XP level 7. HP: 27/44 MP: 7/7
  2152 | D:4      | Reached skill level 5 in Armour
  2232 | D:4      | Found a deep blue altar of Sif Muna.
  2493 | D:5      | Entered Level 5 of the Dungeon
  2527 | D:5      | Noticed Eustachio
  2528 | D:5      | Noticed Duvessa
  2528 | D:5      | Noticed Dowan
  2557 | D:5      | Killed Duvessa
  2561 | D:5      | Gained mutation: You passively map a small area around you. [potion of mutation]
  2561 | D:5      | Gained mutation: Your muscles are strong. (Str +2) [potion of mutation]
  2581 | D:5      | Killed Eustachio
  2581 | D:5      | Reached XP level 8. HP: 32/51 MP: 8/8
  2597 | D:5      | Killed Dowan
  2834 | D:5      | Gained mutation: You are agile. (Dex +2) [potion of mutation]
  2834 | D:5      | Gained mutation: You have sharp toenails. [potion of mutation]
  2834 | D:5      | Gained mutation: You occasionally shout uncontrollably at your foes. [potion of mutation]
  2856 | D:5      | Reached skill level 5 in Maces & Flails
  2912 | D:5      | Reached skill level 6 in Fighting
  3186 | D:5      | Noticed Edmund
  3196 | D:5      | Killed Edmund
  3216 | D:5      | Reached ** piety under the Shining One
  3487 | D:6      | Gained mutation: Your body sometimes deteriorates upon taking damage. [mutagenic meat]
  3488 | D:6      | Gained mutation: You possess an exceptional clarity of mind. [mutagenic meat]
  3490 | D:6      | Gained mutation: Your magical capacity is low (-10% MP). [mutagenic meat]
  3509 | D:6      | Noticed Menkaure
  3520 | D:6      | Killed Menkaure
  3576 | D:6      | Noticed Blork the orc
  3586 | D:6      | Killed Blork the orc
  3586 | D:6      | Reached skill level 7 in Fighting
  3586 | D:6      | Reached XP level 9. HP: 48/57 MP: 8/8
  3684 | D:6      | Noticed Prince Ribbit
  3725 | D:6      | Killed Prince Ribbit
  4143 | D:7      | Found a snail-covered altar of Cheibriados.
  4184 | D:7      | Found a staircase to the Ecumenical Temple.
  4343 | D:7      | Reached skill level 8 in Fighting
  4914 | D:7      | Lost mutation: Your muscles are strong. (Str +2) [mutagenic meat]
  4915 | D:7      | Gained mutation: Your movements are slightly less encumbered by armour (ER -2). [mutagenic meat]
  5006 | D:8      | Reached *** piety under the Shining One
  5039 | D:7      | Reached XP level 10. HP: 57/64 MP: 9/9
  5079 | D:8      | Noticed Erolcha
  5091 | D:8      | Killed Erolcha
  5124 | D:8      | Noticed Erica
  5140 | D:8      | Killed Erica
  5140 | D:8      | Reached skill level 9 in Fighting
  5372 | D:8      | Found an iron altar of Okawaru.
  5453 | D:8      | Found a blossoming altar of Fedhas.
  5814 | D:9      | Noticed Pikel
  5861 | D:9      | Killed Pikel
  5886 | D:9      | Found an opulent altar of Gozag.
  5891 | D:9      | Found a sparkling altar of Nemelex Xobeh.
  5898 | D:9      | Found a burning altar of Makhleb.
  5974 | D:9      | Reached XP level 11. HP: 72/72 MP: 9/9
  6046 | D:9      | Found a shattered altar of Ashenzari.
  6248 | D:9      | Reached **** piety under the Shining One
  6347 | D:10     | Entered Level 10 of the Dungeon
  6609 | D:10     | Reached skill level 10 in Fighting
  6621 | D:10     | Killed from afar by an orc priest

Vault maps used:
D:1:      onia_arrival_zoo_common, tso_altar
D:2:      first_bread
D:3:      uniq_grinder
D:4:      lemuel_round_altar, overflow_temple_1_default
D:5:      uniq_duvessa, uniq_edmund, uniq_eustachio
D:6:      uniq_menkaure, uniq_blork_the_orc, uniq_prince_ribbit1
D:7:      lemuel_crystal_altar, minmay_temple_entry_hall
D:8:      overflow_temple_1_default, hangedman_tree_tricks, uniq_erica,
          uniq_erolcha
D:9:      ashenzari_conservatory_becter, minitemple, uniq_pikel
D:10:     grunt_lair_entry_orc_guard_hut, hiddenorc2_lemuel,
          hangedman_corner_corridor

Skill      XL: |  1  2  3  4  5  6  7  8  9 10 11 |
---------------+----------------------------------+-----
Shields        | 4 5 6 8 9 |  9.9
Armour         | 4 5 6 7 9 |  9.5
Fighting       | 4 5 7 8 9 10 | 10.0
Maces & Flails | 3 4 6 7 8 |  8.8

Action                   |  1- 3 |  4- 6 |  7- 9 | 10-12 || total
-------------------------+-------+-------+-------+-------++-------
Melee: Flail             |    94 |       |       |       ||    94
       Spear             |       |   179 |   508 |    13 ||   700
       Morningstar       |       |       |       |   218 ||   218
  Use: Potion            |       |       |     4 |       ||     4
       Scroll            |       |       |       |    24 ||    24
  Eat: Chunk             |       |     4 |    21 |     3 ||    28
       Pizza             |       |       |       |     2 ||     2
Armor: Scale mail        |    62 |    83 |   283 |   119 ||   547
Dodge: Dodged            |    27 |    34 |   161 |   100 ||   322
Block: Shield            |    47 |    80 |   320 |   190 ||   637
